cohdb
Replays
Latest Replays
All Replays
Popular Replays
Top Player Replays
Match Explorer
How It Works
Community
CoH3 Stats
Reddit
Sign in to upload your games and track your stats! →
Sign in with Steam
Match 45457353
Unlisted
Match 45457353
Overview
Messages
Build Orders
End
Pioneer Squad
Construct Infanterie Kompanie
Selects Breakthrough Battlegroup
Selects Assault Grenadiers
Grenadier Squad
Grenadier Squad
Grenadier Squad
Infanterie Officer Quarters
Construct Luftwaffe Kompanie
Selects 2.5-tonne Cargo Truck
2.5-tonne Cargo Truck
Support Elements
Medical Bunker
Selects Breakthrough
2.5-tonne Cargo Truck
Breakthrough
Wirbelwind Flakpanzer
Breakthrough
Selects Mechanized Assault Group
Mechanized Assault Group
Luftwaffe Officer Quarters
Side Skirts
Wirbelwind Flakpanzer
Breakthrough
Mechanized Assault Group
Jäger Squad
Selects Blitzkrieg
Marder III M Tank Destroyer
Marder III M Tank Destroyer
Breakthrough
Selects Tiger Heavy Tank
Tiger Heavy Tank
Pioneer Squad
Mechanized Assault Group
Wirbelwind Flakpanzer
Breakthrough
Ares
RedLeaderToBase
FooKilla
HulkSMASH
0
0
Comments
sign in to comment!
No comments posted yet!